 Dungeon Sprint DCSS version 0.17-a0-2007-g96ac4c4 (webtiles) character file.

3424 Ordine the Ninja (level 9, -3/39 HPs)
             Began as a Spriggan Enchanter on Oct 9, 2015.
             Was a Believer of Dithmenos.
             Killed by an exploding giant spore (22 damage)
             ... in the Dungeon (Sprint I: "Red Sonja").
             The game lasted 00:09:35 (874 turns).

Ordine the Ninja (Spriggan Enchanter)                Turns: 874, Time: 00:09:35

Health: -3/39      AC:  5    Str:  4    XL:     9   Next: 76%
Magic:  14/14      EV: 18    Int: 19    God:    Dithmenos [**....]
Gold:   278        SH:  0    Dex: 17    Spells: 2 memorised, 8 levels left

rFire  . . .     SeeInvis +     a - +1 dagger
rCold  . . .     Clarity  .     b - +2 robe
rNeg   . . .     SustAt   .     (shield restricted)
rPois  +         Gourm    .     (helmet restricted)
rElec  .         Spirit   .     t - +0 cloak {rPois}
rCorr  .         Warding  .     (gloves unavailable)
rMut   .         NoTele   +     (boots unavailable)
MR     +....                    (no amulet)
Stlth  +++++.....               (no ring)
                                (no ring)

@: confused, wreathed by umbra, very quick, somewhat resistant to hostile
enchantments, quite stealthy
A: unfitting armour, see invisible, herbivore 3, speed 3, slow metabolism 2
a: Shadow Step, Renounce Religion


You were in the Dungeon.
You worshipped Dithmenos.
Dithmenos was pleased with you.
You were not hungry.

You visited 1 branch You collected 689 gold pieces.
You spent 411 gold pieces at shops.

Inventory:

Hand Weapons
 a - a +1 dagger (weapon)
 o - a +7 blowgun
Missiles
 p - 9 curare-tipped needles
 r - 13 poisoned needles
Armour
 b - a +2 robe (worn)
 t - a +0 cloak of poison resistance (worn)
Wands
 c - a wand of draining (7)
 e - a wand of heal wounds (6)
 k - a wand of slowing (2)
Scrolls
 j - a scroll of blinking
Potions
 g - a potion of haste
 h - 2 potions of magic
 i - a potion of berserk rage
 l - a potion of brilliance {unknown}
 m - a potion of agility {unknown}
 n - a potion of flight {unknown}
 s - a potion of heal wounds
Books
 q - a book of Power

   Spells                             Type                      Level
   a - Fulminant Prism                Conjuration/Hexes            4
   b - Iskenderun's Mystic Blast      Conjuration                  4
   c - Venom Bolt                     Conjuration/Poison           5
   d - Bolt of Magma                  Conjuration/Fire/Earth       5
   e - Iron Shot                      Conjuration/Earth            6
   f - Orb of Destruction             Conjuration                  7
   g - Spellforged Servitor           Conjuration/Summoning        7
Comestibles
 d - 5 bread rations
 f - 3 fruits


   Skills:
 - Level 10.6 Short Blades
 - Level 3.0 Dodging
 O Level 27 Stealth
 + Level 2.6 Spellcasting
 - Level 3.6 Hexes


You had 8 spell levels left.
You knew the following spells:

 Your Spells              Type           Power        Failure   Level  Hunger
a - Ensorcelled Hibernat  Hex/Ice        #.....       14%         2    ##.....
b - Confuse               Hex            ###.....     12%         3    ###....


Dungeon Overview and Level Annotations

Branches:
Dungeon (1/1)

Altars:
Cheibriados
Dithmenos
Elyvilon
Fedhas
Gozag
Kikubaaqudgha
Makhleb
Nemelex Xobeh
Okawaru
Qazlal
Ru
Sif Muna
Trog
Vehumet
Xom
Yredelemnul
Zin
The Shining One
Jiyva

Shops:
D (%[


Innate Abilities, Weirdness & Mutations

You are tiny and cannot use many weapons and most armour.
You have supernaturally acute eyesight.
You are a herbivore.
You cover ground extremely quickly.
You need consume almost no food.


Message History

There is an open door here.
Unknown command.
There is an open door here.
Things that are here:
a short sword of distortion; the kobold corpse of Sonja You open the door.
Found five items.
Found 54 gold pieces.
There is an open door here.
You hit the giant spore.
The giant spore explodes!
The explosion of spores engulfs you!
You are confused.
Ouch! That really hurt!
The explosion of spores engulfs the giant spore.
The giant spore explodes!
The explosion of spores engulfs you!
You are more confused.
Ouch! That really hurt!
You die...

#..#_..__##'#..'≈§≈§§'..#
#⌠⌠#_.∩...'..._#≈§§§§#..#
####_..._##_.#'##'#####'###
#_____###'#.#[.(.###.+.#
############.####'###.###$#
#∩^.......'...'..†..'.∩##s#
###++++####.).###########§#
##.## #.# #@# +$# #$!$!$#
#s# #$%??$# #s# #######


There were no monsters in sight!

Vanquished Creatures
  2 centaur warriors (D)
  Sonja (D)
  A deep troll (D)
  An oklob plant (D)
  A slime creature (D)
  Sigmund (D)
  A yak (D)
  A wasp (D)
  An ogre (D)
  Ijyb (D)
  A jelly (D)
12 creatures vanquished.

Vanquished Creatures (others)
  A gargoyle (D)
1 creature vanquished.

Grand Total: 13 creatures vanquished

Notes
Turn   | Place    | Note
--------------------------------------------------------------
     0 | D        | Ordine the Spriggan Enchanter began the quest for the Orb.
     0 | D        | Reached XP level 1. HP: 9/9 MP: 5/5
     2 | D        | Noticed Ijyb
    22 | D        | Killed Ijyb
    22 | D        | Reached skill level 10 in Stealth
    22 | D        | Reached XP level 2. HP: 5/13 MP: 6/6
   259 | D        | Noticed an ogre
   262 | D        | Killed an ogre
   262 | D        | Reached skill level 14 in Stealth
   262 | D        | Reached XP level 3. HP: 16/16 MP: 8/8
   262 | D        | Reached XP level 4. HP: 21/21 MP: 9/9
   266 | D        | Learned a level 2 spell: Ensorcelled Hibernation
   270 | D        | Learned a level 3 spell: Confuse
   284 | D        | Noticed Sigmund
   295 | D        | Killed Sigmund
   295 | D        | Reached skill level 17 in Stealth
   295 | D        | Reached XP level 5. HP: 4/24 MP: 5/10
   479 | D        | Found a deep blue altar of Sif Muna.
   480 | D        | Noticed a jelly
   481 | D        | Found a radiant altar of Vehumet.
   485 | D        | Killed a jelly
   485 | D        | Reached skill level 18 in Stealth
   485 | D        | Reached XP level 6. HP: 28/28 MP: 11/11
   494 | D        | Found a snail-covered altar of Cheibriados.
   494 | D        | Found a viscous altar of Jiyva.
   494 | D        | Found a shadowy altar of Dithmenos.
   494 | D        | Found a blossoming altar of Fedhas.
   494 | D        | Noticed a slime creature
   497 | D        | Killed a slime creature
   497 | D        | Reached skill level 20 in Stealth
   500 | D        | Became a worshipper of Dithmenos the Shadowed
   510 | D        | Noticed a centaur warrior
   514 | D        | Noticed a centaur warrior
   517 | D        | Killed a centaur warrior
   517 | D        | Reached skill level 23 in Stealth
   517 | D        | Reached XP level 7. HP: 32/32 MP: 12/12
   517 | D        | Reached XP level 8. HP: 36/36 MP: 13/13
   518 | D        | Killed a centaur warrior
   518 | D        | Reached skill level 25 in Stealth
   531 | D        | Noticed a wasp
   532 | D        | Paralysed by a wasp for 3 turns
   539 | D        | Killed a wasp
   539 | D        | Reached skill level 26 in Stealth
   625 | D        | Noticed an oklob plant
   627 | D        | Killed an oklob plant
   627 | D        | Reached skill level 27 in Stealth
   627 | D        | Reached XP level 9. HP: 32/39 MP: 14/14
   634 | D        | Noticed a trapdoor spider
   635 | D        | Noticed a trapdoor spider
   637 | D        | Noticed a trapdoor spider
   691 | D        | Killed a gargoyle
   734 | D        | Found Paol's Food Emporium.
   734 | D        | Found a white marble altar of Elyvilon.
   734 | D        | Found a stormy altar of Qazlal.
   734 | D        | Found a burning altar of Makhleb.
   734 | D        | Found a sacrificial altar of Ru.
   734 | D        | Found a basalt altar of Yredelemnul.
   734 | D        | Found a glowing golden altar of the Shining One.
   734 | D        | Found a sparkling altar of Nemelex Xobeh.
   734 | D        | Found a shimmering altar of Xom.
   734 | D        | Found an opulent altar of Gozag.
   734 | D        | Found an ancient bone altar of Kikubaaqudgha.
   734 | D        | Found a glowing silver altar of Zin.
   734 | D        | Noticed a yak
   735 | D        | Found an iron altar of Okawaru.
   736 | D        | Killed a yak
   737 | D        | Found a bloodstained altar of Trog.
   741 | D        | Bought a bread ration for 65 gold pieces
   741 | D        | Bought a bread ration for 65 gold pieces
   741 | D        | Bought a bread ration for 65 gold pieces
   741 | D        | Bought a bread ration for 65 gold pieces
   741 | D        | Bought 3 fruits for 58 gold pieces
   748 | D        | Noticed Sonja
   752 | D        | Killed Sonja
   795 | D        | Noticed a deep troll
   797 | D        | Killed a deep troll
   797 | D        | Acquired Dithmenos's first power
   797 | D        | Reached skill level 10 in Short Blades
   822 | D        | Found Eduedaz's Armour Emporium.
   830 | D        | Bought a +0 cloak of poison resistance for 93 gold pieces
   849 | D        | Found Jautwirgh's Weapon Boutique.
   874 | D        | Killed by an exploding giant spore

Vault maps used:
D:        dungeon_sprint_1

Action                   |  1- 3 |  4- 6 |  7- 9 || total
-------------------------+-------+-------+-------++-------
Melee: Dagger            |    19 |    10 |     9 ||    38
 Cast: Ensorcelled Hiber |       |     2 |     1 ||     3
       Confuse           |       |       |     5 ||     5
  Use: Potion            |       |     1 |     1 ||     2
       Scroll            |       |       |     1 ||     1
 Stab: Sleeping          |     2 |     4 |     5 ||    11
       Confused          |       |       |     1 ||     1
